 Dungeon Crawl Stone Soup version 0.28.0-53-g5a82cb258f (webtiles) character file.

Game seed: 11906344047962254646

1127 szrap the Summoner (level 8, 31/31 HPs)
             Began as a Felid Summoner on May 20, 2022.
             Was an Initiate of Gozag.
             Quit the game on level 6 of the Dungeon.
             The game lasted 00:32:50 (10082 turns).

szrap the Summoner (Felid Summoner)                Turns: 10082, Time: 00:32:50

Health: 31/31      AC:  2    Str:  4    XL:     8   Next: 13%
Magic:  20/20      EV: 17    Int: 21    God:    Gozag
Gold:   233        SH:  0    Dex: 16    Spells: 8/21 levels left
                                        Lives:  1   Deaths: 1

rFire   . . .      SeeInvis +   (weapon unavailable)
rCold   . . .      Faith    .   (shield unavailable)
rNeg    + . .      Spirit   .   (armour unavailable)
rPois   .          Reflect  .   (helmet unavailable)
rElec   .          Harm     .   (cloak unavailable)
rCorr   .          Rampage  .   (gloves unavailable)
Will    ++++.      Clarity  +   (boots unavailable)
Stlth   ++........              c - amulet of the Four Winds {rN+ Will+++ Clar}
HPRegen 0.10/turn               g - ring of flight
MPRegen 0.17/turn               (no ring)

@: flying, quick
A: very small, claws 1, fangs 3, see invisible, speed 1, shaggy fur 2, stealthy
paws, no weapons or thrown items, no armour, multi-lived
a: Renounce Religion, Potion Petition, Call Merchant, Bribe Branch


You were on level 6 of the Dungeon.
You worshipped Gozag.
Gozag was aware of your devotion.
You visited 2 branches of the dungeon, and saw 7 of its levels.
You also visited: Ossuary.

You collected 334 gold pieces.
You paid 101 gold pieces to Gozag.

Inventory:

Jewellery
 c - the amulet of the Four Winds (around neck) {rN+ Will+++ Clar}
   (You found it in an ossuary)

   [amulet of nothing]

   rN:        It protects you from negative energy.
   Clar:      It protects you against confusion.
   Will:      It greatly increases your willpower.
 g - a ring of flight (left paw)
 q - an amulet of guardian spirit
Wands
 p - a wand of iceblast (7)
 s - a wand of acid (3)
Scrolls
 a - 3 scrolls of amnesia
 e - a scroll of teleportation
 f - a scroll of immolation
Potions
 b - a potion of invisibility
 d - 4 potions of curing
 h - 3 potions of lignification
 j - 2 potions of heal wounds {unknown}
 l - 4 potions of might
 m - 2 potions of mutation {unknown}
 n - 3 potions of resistance {unknown}
 o - 2 potions of cancellation {unknown}


   Skills:
 - Level 2.6 Dodging
 - Level 2.6 Stealth
 + Level 7.3 Spellcasting
 - Level 5.0 Hexes
 + Level 8.7 Summonings
 * Level 3.0 Air Magic


You had 8 spell levels left.
You knew the following spells:

 Your Spells              Type           Power      Damage    Failure   Level
a - Summon Small Mammal   Summ           100%       N/A       1%          1
b - Call Imp              Summ           44%        N/A       1%          2
c - Call Canine Familiar  Summ           44%        N/A       1%          3
d - Summon Guardian Gole  Hex/Summ       36%        N/A       1%          3
e - Summon Lightning Spi  Summ/Air       32%        N/A       8%          4

Your spell library contained the following spells:

 Spells                   Type           Power      Damage    Failure   Level
 Freeze                   Ice            28%        1d5       9%          1
 Magic Dart               Conj           28%        1d4       9%          1
 Mephitic Cloud           Conj/Pois/Air  11%        N/A       17%         3
 Conjure Flame            Conj/Fire      7%         6-21      26%         3
 Frozen Ramparts          Ice            14%        1d3       26%         3
 Ignite Poison            Fire/Tmut/Pois 7%         N/A       26%         3
 Ozocubu's Armour         Ice            7%         N/A       26%         3
 Hailstorm                Conj/Ice       7%         3d4       63%         4
 Sticky Flame             Conj/Fire      7%         2d3       63%         4
 Metabolic Englaciation   Hex/Ice        9%         N/A       63%         5
 Simulacrum               Ice/Necr       3%         N/A       100%        6


Dungeon Overview and Level Annotations

Branches:
Dungeon (6/15)             Temple (1/1) D:6         Ossuary (visited)

Altars:
Ashenzari
Cheibriados
Elyvilon
Fedhas
Gozag
Hepliaklqana
Kikubaaqudgha
Makhleb
Nemelex Xobeh
Qazlal
Ru
Sif Muna
Uskayaw
Vehumet
Wu Jian
Xom

Shops:
D:1 [   D:2 *

Annotations:
D:3 Sigmund
D:4 3 runed translucent doors, issech's ghost, amateur TrMo
D:5 exclusion: 2 downstairs


Innate Abilities, Weirdness & Mutations

You have sharp claws.
You have razor-sharp teeth.
You have supernaturally acute eyesight. (SInv)
You cover ground quickly. (Speed+)
You are covered in thick fur. (AC +2)
Your paws help you pounce on unaware monsters.
You are incapable of wielding weapons or throwing items.
You cannot wear armour.
You gain extra lives every three experience levels.


Message History

Things that are here:
a +0 short sword; an orc corpse
Things that are here:
a +0 shortbow; a +0 dagger; 12 arrows
There is an escape hatch in the ceiling here.
There is a staircase to the Ecumenical Temple here.
You fly downwards.
Welcome to the Ecumenical Temple!
Your summoned ally is left behind.
There is a staircase back to the Dungeon here.
Found a sparkling altar of Nemelex Xobeh.
Found a snail-covered altar of Cheibriados and an opulent altar of Gozag.
Found a hide-covered altar of Uskayaw.
Found a white marble altar of Elyvilon.
There is an opulent altar of Gozag here.
You hover solemnly before the altar of Gozag.
Gozag welcomes you!
You pay a service fee of 101 gold.
Found a sacrificial altar of Ru.
Found a hazy altar of Hepliaklqana.
Found a stormy altar of Qazlal.
Found a shimmering blue altar of Sif Muna.
Found a broken altar of Ashenzari.
Found a shimmering altar of Xom.
Found a burning altar of Makhleb.
Found a radiant altar of Vehumet.
There is a radiant altar of Vehumet here.
There is a radiant altar of Vehumet here.
Done exploring.
Done exploring.
Done exploring.
Done exploring.
Done exploring.
Done exploring.
Done exploring.
There is a sparkling altar of Nemelex Xobeh here.
There is a staircase back to the Dungeon here.
You fly upwards.
Welcome back to the Dungeon!
There is a staircase to the Ecumenical Temple here.
Done exploring.
Are you sure you want to abandon this character and quit the game? (Confirm with "yes".)

#......# ### ####.#.###
###.. ###.....# ###...#
#.##.##.## #...#†.
#....##..## #.###..
#.##..##..# #)###..
#.##......# #.##..#
#.##..♣.♣.# #.##.##
#.##...@..### #.##.#
#.##..♣.♣...## #.##.#
#.##......#..# ##.##.#
#.##.###..##.####..##.#
#.##.##........##<##..#
#.##.#............##.##
#.##............####(#
#.###...........# #.#
#.# #..........## #.#


There were no monsters in sight!

Vanquished Creatures
  An adder (D:6)
  A ball python (D:4)
  A bat (D:1)
  2 goblin zombies (Ossuary)
  2 kobolds (D:4)
7 creatures vanquished.

Vanquished Creatures (collateral kills)
  A centaur (D:6)
  2 lemures (D:6)
  A phantom (D:6)
  Dowan (D:6)
  2 water moccasin skeletons (D:5)
  A centaur zombie (D:6)
  2 jellies
  2 hounds
  A bullfrog skeleton (D:5)
  2 gnoll shamans
  An orc priest (D:6)
  A centaur skeleton (D:4)
  2 iguanas
  An orc wizard (D:6)
  A hound skeleton (D:5)
  3 mummies (Ossuary)
  A howler monkey zombie (D:6)
  7 gnolls
  A howler monkey skeleton (D:6)
  A white imp (D:6)
  3 dart slugs
  10 orcs
  3 bats (D:1)
  6 endoplasms
  3 giant cockroaches
  3 goblins
  3 hobgoblins
  4 quokkas
  4 ball pythons
  4 frilled lizards
  4 goblin zombies (Ossuary)
  2 hobgoblin zombies (Ossuary)
  8 kobolds
  A kobold zombie (Ossuary)
  An orc zombie (Ossuary)
  3 rats
96 creatures vanquished.

Vanquished Creatures (others)
  Pikel (D:6)
  A troll (D:6)
  A wraith (Ossuary)
  Menkaure (D:5)
  Duvessa (D:6)
  A black bear (D:4)
  2 lemures
  A wyvern zombie (D:6)
  A scorpion (D:5)
  An iguana (D:6)
  3 gnolls (D:5)
  2 orcs (D:5)
16 creatures vanquished.

Grand Total: 119 creatures vanquished

Notes
Turn   | Place    | Note
-------+----------+-------------------------------------------
     0 | D:1      | szrap the Felid Summoner began the quest for the Orb.
     0 | D:1      | Reached XP level 1. HP: 7/7 MP: 4/4
   419 | D:1      | Reached XP level 2. HP: 10/11 MP: 4/6
   483 | D:1      | Found Sirad's Antique Armour Shoppe.
  1160 | D:1      | Learned a level 2 spell: Call Imp
  1385 | D:2      | Reached XP level 3. HP: 14/14 MP: 2/7
  1741 | D:2      | Found Tarijomn's Assorted Antiques.
  1741 | D:2      | You fall into a shaft and drop 1 floor!
  2080 | D:2      | Reached skill level 5 in Summonings
  2617 | D:2      | Reached XP level 4. HP: 18/18 MP: 9/9
  2621 | D:2      | Learned a level 3 spell: Call Canine Familiar
  3021 | D:2      | Found a faded altar of an unknown god.
  3356 | D:3      | Learned a level 3 spell: Summon Guardian Golem
  3617 | D:3      | Noticed Sigmund
  3765 | D:4      | Noticed a black bear
  4183 | D:4      | Found a runed translucent gate.
  4193 | D:4      | Found a runed translucent gate.
  4193 | D:4      | Noticed issech's ghost (amateur TrMo)
  4194 | D:4      | Found a runed translucent gate.
  4229 | D:4      | Found a sand-covered staircase.
  4240 | Ossuary  | Entered an ossuary
  4240 | Ossuary  | Noticed a wraith
  4240 | Ossuary  | Noticed a wraith
  4240 | Ossuary  | Noticed a wraith
  4352 | Ossuary  | Found the amulet of the Four Winds {rN+ Will+++ Clar}
  4500 | Ossuary  | Noticed a wraith
  4514 | Ossuary  | Killed a wraith
  4515 | Ossuary  | Reached XP level 5. HP: 21/21 MP: 8/12
  4676 | Ossuary  | Gained mutation: You are covered in thick fur. (AC +2)
                  | [Felid growth]
  4676 | Ossuary  | Reached XP level 6. HP: 24/24 MP: 13/13
  5053 | D:4      | Learned a level 4 spell: Summon Lightning Spire
  5099 | D:4      | Reached skill level 6 in Summonings
  5180 | D:4      | Found an ornate altar of the Wu Jian Council.
  5544 | D:5      | Entered Level 5 of the Dungeon
  5904 | D:5      | Reached XP level 7. HP: 17/26 MP: 6/15
  6242 | D:5      | Identified the +7 war axe "Tyob" {elec, Str+10 Int-4}
  6387 | D:5      | Reached skill level 5 in Spellcasting
  6630 | D:5      | Found an ancient bone altar of Kikubaaqudgha.
  6729 | D:5      | Noticed Menkaure
  6737 | D:5      | Killed Menkaure
  6738 | D:5      | Reached skill level 7 in Summonings
  7206 | D:6      | Noticed Pikel
  7206 | D:6      | Noticed a troll
  7288 | D:6      | HP: 1/27 [centaur/arrow (8)]
  8255 | D:6      | Reached XP level 8. HP: 21/31 MP: 13/17
  8372 | D:6      | Reached skill level 5 in Hexes
  8553 | D:6      | Found a staircase to the Ecumenical Temple.
  8589 | D:6      | Reached skill level 1 in Air Magic
  8761 | D:6      | Killed a troll
  8961 | D:6      | Killed Pikel
  8962 | D:6      | Reached skill level 8 in Summonings
  9272 | D:6      | Noticed Duvessa
  9274 | D:6      | Noticed Dowan
  9288 | D:6      | Killed Duvessa
  9289 | D:6      | Reached XP level 9. HP: 34/34 MP: 18/20
  9327 | D:6      | Killed Dowan
  9597 | D:6      | Shot with an arrow by a centaur
  9598 | D:6      | Reached XP level 8. HP: -6/31 MP: 17/19
  9721 | D:6      | Found a blossoming altar of Fedhas.
  9804 | Temple   | Entered the Ecumenical Temple
  9845 | Temple   | Became a worshipper of Gozag Ym Sagoz the Greedy
 10082 | D:6      | Quit the game

Illustrated notes

Levels and vault maps discovered:
D:1:      elethiomel_arrival_infinity_welcomes_careful_drivers, layout_rooms,
          serial_shops, shop, minmay_crystal_room, minmay_unequal
D:2:      layout_rooms, hellmonk_ecumenical_altar_pennies_from_heaven,
          serial_shops, shop
D:3:      layout_rooms, uniq_sigmund
D:4:      layout_rooms, mainiacjoe_overflow_small_starburst,
          ebering_ghost_rock_garden, chequers_ossuary_entry_cave,
          minmay_misc_feat_rugged
D:5:      layout_basic, nicolae_kikubaaqudgha_miasma_corner, uniq_menkaure
D:6:      layout_rooms, lemuel_coloured_pillars_altar,
          minmay_temple_entry_trees, grunt_ministairs_3, uniq_pikel,
          uniq_duvessa
Temple:   oiseaux_autumnal_temple

Skill      XL: |  1  2  3  4  5  6  7  8 |
---------------+-------------------------+-----
Summonings     | 5 6 7 8 |  8.7
Spellcasting   | 4 5 7 |  7.3
Hexes          | 2 3 4 5 |  5.0
Air Magic      | 3 |  3.0
Dodging        | |  2.6
Stealth        | |  2.6

Action                   |  1- 3 |  4- 6 |  7- 9 || total
-------------------------+-------+-------+-------++-------
Melee: Unarmed           |     3 |    11 |     8 ||    22
       Bite              |       |     3 |     1 ||     4
       Punch             |       |       |     1 ||     1
 Cast: Summon Small Mamm |    44 |     2 |       ||    46
       Call Imp          |    12 |     5 |       ||    17
       Call Canine Famil |       |    26 |    25 ||    51
       Summon Guardian G |       |     2 |    18 ||    20
       Summon Lightning  |       |       |     6 ||     6
  Use: Scroll            |     3 |     6 |     4 ||    13
 Stab: Sleeping          |     1 |     1 |       ||     2
Armor: Skin              |     1 |     3 |     3 ||     7
Dodge: Dodged            |    38 |    19 |    35 ||    92
